Description

poop comes from ur butt

Replay - PAAAT TVT

Build Order

Get SALT Encoding   

  12  0:00  SCV  
  13  0:17  SCV  
  14  0:26  Supply Depot  
  14  0:34  SCV  
  15  1:01  Barracks, SCV  
  16  1:18  SCV  
  17  1:24  Supply Depot  
  17  1:35  SCV  
  18  2:07  Command Center  
  18  2:17  Orbital Command  
  18  2:19  Marine  
  19  2:38  Refinery  
  19  2:45  Refinery  
  19  2:55  SCV  
  19  2:56  Marine  
  21  3:06  Supply Depot  
  21  3:12  SCV  
  22  3:22  Marine  
  22  3:29  SCV  
  24  3:45  SCV  
  24  3:47  Marine  
  26  4:12  Marine  
  26  4:15  Orbital Command  
  28  4:36  Marine  
  30  4:46  Refinery x2  
  30  4:55  Factory  
  31  5:03  Factory  
  33  5:21  Engineering Bay  
  35  5:39  Marine  
  39  6:03  Supply Depot x2  
  39  6:04  Marine  
  43  6:38  Marine  
  46  6:42  Factory Tech Lab x2  
  47  7:01  Starport  
  47  7:03  Marine  
  47  7:09  Starport  
  48  7:31  Armory x2  
  50  7:52  Siege Tank x2  
  57  8:06  Starport Reactor  
  57  8:07  Starport Tech Lab  
  60  8:27  Raven  
  62  8:37  Siege Tank x2  
  74  9:02  Viking x2  
Spawning Tool Build Advisor. Get it on Overwolf

Analysis

poop comes from ur butt

Go to:

Details

  • Created by: BattleMan
  • Published on: Jan 13, 2025
  • Modified on: Jan 13, 2025
  • Patch: 5.0.11
  • Difficulty: Easy
Show
View Real Time Build Order
Export as new Build Order

Comments (0)

There are no comments. Be the first!

Create an account to comment!